 Dungeon Crawl Stone Soup version 0.24-a0-272-g14115134c2 (webtiles) character file.

Game seed: 13647944959412253934

779 HAL9000 the Cudgeler (level 7, -1/67 HPs)
             Began as an Ogre Hunter on Apr 25, 2019.
             Slain by a bullfrog (5 damage)
             ... on level 6 of the Dungeon.
             The game lasted 00:18:10 (7476 turns).

HAL9000 the Cudgeler (Ogre Hunter)                  Turns: 7476, Time: 00:18:11

Health: -1/67      AC: 14    Str: 18    XL:     7   Next: 85%
Magic:  7/7        EV:  0    Int: 12    God:
Gold:   40         SH:  0    Dex: 10    Spells: 6/6 levels left

rFire    + . .     SeeInvis .   l - +0 dire flail
rCold    + . .     Gourm    .   (shield currently unavailable)
rNeg     . . .     Faith    .   e - +0 gold dragon scales
rPois    +         Spirit   .   (helmet restricted)
rElec    .         Reflect  .   q - +0 cloak
rCorr    .         Harm     .   (gloves unavailable)
MR       .....                  (boots unavailable)
Stlth    ..........             (no amulet)
HPRegen  0.21/turn              (no ring)
MPRegen  0.10/turn              (no ring)

@: very heavily drained
A: large, unfitting armour, tough skin 1
a: no special abilities


You were on level 6 of the Dungeon.
You were not hungry.

You visited 1 branch of the dungeon, and saw 6 of its levels.

You collected 208 gold pieces.
You spent 168 gold pieces at shops.

Inventory:

Hand Weapons
 d - a +0 flail
 k - a +0 blowgun
 l - a +0 dire flail (weapon)
Missiles
 a - 8 curare-tipped needles
Armour
 b - a +0 robe
 e - +0 gold dragon scales (worn)
 q - a +0 cloak (worn)
Wands
 c - a wand of scattershot (5)
Scrolls
 m - a scroll of magic mapping {unknown}
 o - a scroll of random uselessness {unknown}
 u - a scroll of teleportation
 v - 2 scrolls of blinking
Potions
 g - 2 potions of lignification
 h - 3 potions of curing
 j - 2 potions of heal wounds
 n - 2 potions of agility
 p - a potion of haste {unknown}
 r - a potion of invisibility {unknown}
 t - a potion of mutation {unknown}
Comestibles
 f - 5 rations


   Skills:
 + Level 3.6(0.3) Fighting
 * Level 7.4(3.8) Maces & Flails
 - Level 4.0(0.6) Throwing
 - Level 1.7(0.0) Dodging
 - Level 0.6(0.0) Stealth


You had 6 spell levels left.
You didn't know any spells.
Your spell library contained the following spells:

 Spells                   Type           Power        Failure   Level  Hunger
 Beastly Appendage        Tmut           #.....       100%        1    ##.....
 Sticks to Snakes         Tmut           #.......     100%        2    ###....
 Spider Form              Tmut/Pois      #.........   100%        3    ####...
 Ice Form                 Ice/Tmut       #.......     100%        4    #####..
 Blade Hands              Tmut           #.........   100%        5    ######.


Dungeon Overview and Level Annotations

Branches:
Dungeon (6/15)
 Temple: D:4-7

Altars:
Ashenzari
Gozag
Kikubaaqudgha
Makhleb
Okawaru
Qazlal
Ru
Trog
Vehumet
Yredelemnul
The Shining One

Shops:
D:4 %[%*?

Annotations:
D:5 Eustachio


Innate Abilities, Weirdness & Mutations

You are too large for most types of armour.
You have tough skin. (AC +1)


Message History

The bullfrog hits you.
* * * LOW HITPOINT WARNING * * *
Your gold dragon scales prevents you from hitting the bullfrog.
The bullfrog is lightly wounded.
The bullfrog hits you but does no damage.
The bullfrog hits you.
* * * LOW HITPOINT WARNING * * *
You closely miss the bullfrog.
The bullfrog is lightly wounded.
The bullfrog hits you but does no damage.
You barely miss the bullfrog.
The bullfrog is lightly wounded.
The bullfrog hits you but does no damage.
The bullfrog hits you.
* * * LOW HITPOINT WARNING * * *
You closely miss the bullfrog.
The bullfrog is lightly wounded.
The bullfrog hits you but does no damage.
The bullfrog hits you.
You die...

#..............
#..###.######## ##.# #.#
#.# #.# #.###.# #..##.#
##### ##.##.# #...#######
#..#.# ###.#........
######.#.####.._@.)......
...........[..#F#........
######.#.######..........
.....# #..........
#.#.#.# #..........
#.....# #..........
###...# #.......... ...>#
#.......... .....


You could see a bullfrog.

Vanquished Creatures
  Sigmund (D:5)
  A scorpion (D:4)
  2 wights
  A vampire bat (D:3)
  Crazy Yiuf (D:2)
  A hound (D:4)
  An orc wizard (D:5)
  An orc priest (D:5)
  Ijyb (D:5)
  5 worker ants (D:4)
  A hound skeleton (D:6)
  4 adders
  4 gnolls
  An ooze (D:2)
  An adder zombie (D:4)
  A dart slug (D:1)
  3 leopard geckos
  10 orcs
  5 ball pythons
  4 bat zombies (D:3)
  8 giant cockroaches
  9 goblins
  3 hobgoblins
  7 kobolds
  3 quokkas
  5 bats
  6 frilled lizards
  A jackal skeleton (D:5)
  A leopard gecko skeleton (D:4)
  12 rats
  A fungus (D:2)
105 creatures vanquished.

Notes
Turn   | Place    | Note
-------+----------+-------------------------------------------
     0 | D:1      | HAL9000 the Ogre Hunter began the quest for the Orb.
     0 | D:1      | Reached XP level 1. HP: 22/22 MP: 1/1
    50 | D:1      | Reached skill level 1 in Maces & Flails
    99 | D:1      | Reached XP level 2. HP: 31/31 MP: 2/2
   820 | D:1      | Reached skill level 2 in Maces & Flails
   844 | D:1      | Reached XP level 3. HP: 14/37 MP: 3/3
  1593 | D:2      | Found a glowing golden altar of the Shining One.
  1655 | D:2      | Reached skill level 3 in Maces & Flails
  1655 | D:2      | Reached XP level 4. HP: 45/45 MP: 4/4
  1801 | D:2      | Found a runed translucent door.
  1802 | D:2      | Noticed Crazy Yiuf
  1809 | D:2      | Killed Crazy Yiuf
  2365 | D:3      | Found a shattered altar of Ashenzari.
  2366 | D:3      | Found a bloodstained altar of Trog.
  2375 | D:3      | Found an iron altar of Okawaru.
  2377 | D:3      | Found a sacrificial altar of Ru.
  2377 | D:3      | Found a radiant altar of Vehumet.
  2379 | D:3      | Found a basalt altar of Yredelemnul.
  2383 | D:3      | Found an opulent altar of Gozag.
  2733 | D:3      | Reached skill level 4 in Maces & Flails
  2733 | D:3      | Reached XP level 5. HP: 19/53 MP: 5/5
  3003 | D:3      | Found an ancient bone altar of Kikubaaqudgha.
  3302 | D:4      | You fall through a shaft!
  3302 | D:5      | Entered Level 5 of the Dungeon
  3484 | D:4      | Reached skill level 5 in Maces & Flails
  3484 | D:4      | Reached XP level 6. HP: 24/61 MP: 6/6
  3781 | D:4      | Found a stormy altar of Qazlal.
  4445 | D:4      | Found Asiapsa's Assorted Antiques.
  4450 | D:4      | Bought a fuming emerald potion for 21 gold pieces
  4468 | D:4      | Found Jusol's Magic Scroll Shoppe.
  4475 | D:4      | Bought a scroll of teleportation for 42 gold pieces
  4475 | D:4      | Bought a scroll of blinking for 105 gold pieces
  4502 | D:4      | Found Arpheppy's Food Boutique.
  4822 | D:4      | Reached skill level 6 in Maces & Flails
  4848 | D:4      | Found Adoidun's Food Shop.
  4891 | D:4      | Found Did Egae's Armour Shoppe.
  5144 | D:5      | Noticed Sigmund
  5399 | D:5      | Killed Sigmund
  5399 | D:5      | Reached XP level 7. HP: 27/67 MP: 7/7
  5885 | D:5      | Found an opulent altar of Gozag.
  6010 | D:5      | Noticed Ijyb
  6063 | D:5      | Killed Ijyb
  6255 | D:4      | Reached skill level 7 in Maces & Flails
  6495 | D:5      | Noticed Eustachio
  7408 | D:6      | Found a burning altar of Makhleb.
  7476 | D:6      | Slain by a bullfrog

Levels and vault maps discovered:
D:1:      nzn_arrival_water_spiral, layout_basic
D:2:      layout_loops_ring, old_standard_altar, first_ration,
          uniq_crazy_yiuf_cottage
D:3:      layout_rooms, grunt_temple_overflow_open, kennysheep_vampire_church,
          minmay_shallow_snake_nest
D:4:      layout_basic, grunt_qazlal_clouds, serial_shops, shop,
          kennysheep_little_box, shop, nicolae_shop_statue_plus,
          serial_park_tiny_1, grunt_decor_clamped, minmay_shop_grid_forest
D:5:      layout_layer_cave, grunt_gozag_breadcrumbs, uniq_eustachio, uniq_ijyb,
          uniq_sigmund
D:6:      layout_basic, lemuel_crystal_altar, temple_fountains

Skill      XL: |  1  2  3  4  5  6  7 |
---------------+----------------------+-----
Fighting       | 3 |  3.6
Maces & Flails | 1 2 3 4 5 6 7 |  7.4
Throwing       | |  4.0
Dodging        | |  1.7
Stealth        | |  0.6

Action                   |  1- 3 |  4- 6 |  7- 9 || total
-------------------------+-------+-------+-------++-------
Melee: Club              |   139 |     8 |       ||   147
       Short sword       |     4 |       |       ||     4
       Mace              |       |   226 |    57 ||   283
       Dire flail        |       |       |    71 ||    71
       Flail             |       |       |    41 ||    41
Throw: Large rock        |     4 |    26 |     8 ||    38
       Throwing net      |       |     3 |       ||     3
  Use: Scroll            |       |     6 |       ||     6
       Potion            |       |     4 |     1 ||     5
 Stab: Sleeping          |     3 |       |       ||     3
       Held in net/web   |       |     1 |       ||     1
  Eat: Chunk             |     3 |     8 |     1 ||    12
       Ration            |       |     1 |     2 ||     3
Armor: Robe              |    46 |    98 |     9 ||   153
       Skin              |       |    27 |     1 ||    28
       Gold dragon scale |       |       |   114 ||   114
Dodge: Dodged            |    95 |   142 |    32 ||   269

Table legend:
 A = Non-vault XP
 B = Vault XP
 C = Vault XP percentage of total XP
 D = Non-vault monster count
 E = Vault monster count
 F = Vault count percentage of total count
                 A         B        C        D         E       F
            +---------+---------+-------+---------+---------+-------
      Total |     734 |     380 |  34.1 |      92 |      12 |  11.5
            +---------+---------+-------+---------+---------+-------
        D:1 |      41 |       0 |   0.0 |      23 |       0 |   0.0
        D:2 |      59 |      42 |  41.6 |      22 |       1 |   4.3
        D:3 |      29 |      79 |  73.1 |      11 |       9 |  45.0
        D:4 |     355 |       0 |   0.0 |      23 |       0 |   0.0
        D:5 |     173 |     259 |  60.0 |      10 |       2 |  16.7
        D:6 |      77 |       0 |   0.0 |       3 |       0 |   0.0
            +---------+---------+-------+---------+---------+-------
